 Dungeon Crawl Stone Soup version 0.24-a0-434-gd57e52fea8 (webtiles) character file.

Game seed: 13076034601751734222

465 theanonym the Grave Robber (level 6, -2/41 HPs)
             Began as a Mummy Necromancer on June 15, 2019.
             Killed from afar by an orc wizard (6 damage)
             ... with a magic dart
             ... on level 3 of the Dungeon.
             The game lasted 00:07:49 (3610 turns).

theanonym the Grave Robber (Mummy Necromancer)      Turns: 3610, Time: 00:07:50

Health: -2/41      AC:  3    Str: 11    XL:     6   Next: 80%
Magic:  2/13       EV: 12    Int: 17    God:
Gold:   189        SH:  0    Dex: 16    Spells: 4/15 levels left

rFire    x . .     SeeInvis .   a - +2 short sword (speed)
rCold    + . .     Gourm    .   (no shield)
rNeg     + + +     Faith    .   e - +0 leather armour
rPois    ∞         Spirit   .   (no helmet)
rElec    .         Reflect  .   (no cloak)
rCorr    .         Harm     .   (no gloves)
MR       .....                  (no boots)
Stlth    ++........             (no amulet)
HPRegen  0.13/turn              d - +4 ring of dexterity
MPRegen  0.13/turn              (no ring)

@: very slightly contaminated
A: no food or potions, fire vulnerability, cold resistance 1, negative energy
resistance 3, torment resistance, unbreathing
a: no special abilities


Innate Abilities, Weirdness & Mutations

You do not eat or drink.
Your flesh is vulnerable to fire.
You are immune to poison.
Your flesh is cold resistant. (rC+)
You are immune to negative energy. (rN+++)
You are immune to unholy pain and torment.
You can survive without breathing.


   Skills:
 + Level 3.2 Short Blades
 - Level 1.5 Dodging
 - Level 1.5 Stealth
 - Level 5.0 Spellcasting
 + Level 6.1 Necromancy


You had 4 spell levels left.
You knew the following spells:

 Your Spells              Type           Power        Failure   Level  Hunger
a - Pain                  Necr           ####         1%          1    N/A
b - Animate Dead          Necr           N/A          16%         4    N/A
c - Vampiric Draining     Necr           ####......   4%          3    N/A
e - Animate Skeleton      Necr           N/A          1%          1    N/A
l - Blink                 Tloc           N/A          28%         2    N/A

Your spell library contained the following spells:

 Spells                   Type           Power        Failure   Level  Hunger
 Magic Dart               Conj           #...         19%         1    N/A
 Call Imp                 Summ           #.......     28%         2    N/A
 Slow                     Hex            #.......     28%         2    N/A
 Conjure Flame            Conj/Fire      #.......     50%         3    N/A
 Mephitic Cloud           Conj/Pois/Air  #.......     50%         3    N/A
 Regeneration             Chrm/Necr      Unusable     N/A         3    N/A

Skill      XL: |  1  2  3  4  5  6 |
---------------+-------------------+-----
Spellcasting   | 3 4 5 |  5.0
Short Blades   | 1 2 3 |  3.2
Necromancy     | 5 6 |  6.1
Dodging        | |  1.5
Stealth        | |  1.5

Action                   |  1- 3 |  4- 6 || total
-------------------------+-------+-------++-------
Melee: Dagger            |    21 |       ||    21
       Short sword       |    22 |    30 ||    52
Throw: Throwing net      |       |     2 ||     2
 Cast: Pain              |    71 |    69 ||   140
       Animate Skeleton  |    11 |     3 ||    14
       Vampiric Draining |     1 |     4 ||     5
       Animate Dead      |       |     5 ||     5
  Use: Scroll            |       |     2 ||     2
 Stab: Sleeping          |     2 |       ||     2
       Distracted        |     1 |     2 ||     3
       Held in net/web   |       |     2 ||     2
Armor: Robe              |     8 |       ||     8
       Leather armour    |       |     8 ||     8
Dodge: Dodged            |    36 |    30 ||    66

Inventory:

Hand Weapons
 a - a +2 short sword of speed (weapon)
 b - a +0 rapier
Armour
 e - a +0 leather armour (worn)
 g - +0 storm dragon scales
Jewellery
 d - a +4 ring of dexterity (left hand)
Wands
 c - a wand of paralysis (9)
Scrolls
 f - 2 scrolls of fog
 n - a scroll of remove curse
 r - 7 scrolls of identify


You were on level 3 of the Dungeon.
You were not hungry.

You visited 1 branch of the dungeon, and saw 6 of its levels.

You collected 189 gold pieces.

Dungeon Overview and Level Annotations

Branches:
Dungeon (6/15)
 Temple: D:4-7

Altars:
Hepliaklqana
Qazlal

Shops:
D:4

%
########################
.......................#
######################.#
#.# #.# #.## #######..#
##@....##.##
##..o.♣.♣#..#
#...♣.....♣.#
#...........#
#..♣.......♣#
#............#
#[.♣.......♣.#
##.........!.#
#...♣.....♣..#


You could see an orc.

Notes
Turn   | Place    | Note
-------+----------+-------------------------------------------
     0 | D:1      | theanonym the Mummy Necromancer began the quest for the
                  | Orb.
     0 | D:1      | Reached XP level 1. HP: 13/13 MP: 4/4
   148 | D:1      | Reached skill level 3 in Spellcasting
   151 | D:1      | Learned a level 1 spell: Animate Skeleton
   232 | D:1      | Reached XP level 2. HP: 17/19 MP: 0/6
   976 | D:2      | Found a stormy altar of Qazlal.
  1172 | D:2      | Found a hazy altar of Hepliaklqana.
  1227 | D:2      | Reached XP level 3. HP: 24/24 MP: 2/8
  1282 | D:2      | Learned a level 3 spell: Vampiric Draining
  1327 | D:2      | HP: 4/24 [worm (12)]
  2137 | D:3      | Reached skill level 1 in Short Blades
  2163 | D:3      | HP: 10/24 [bullfrog zombie (4)]
  2166 | D:3      | Reached skill level 4 in Spellcasting
  2166 | D:3      | Reached XP level 4. HP: 13/30 MP: 10/10
  2168 | D:3      | HP: 4/30 [orc wizard/magic dart (9)]
  2657 | D:3      | Learned a level 4 spell: Animate Dead
  2683 | D:3      | You fall into a shaft and drop 3 floors!
  2784 | D:6      | Reached skill level 5 in Necromancy
  2796 | D:6      | Reached XP level 5. HP: 19/35 MP: 0/12
  2995 | D:6      | Noticed a shadow
  3016 | D:5      | Entered Level 5 of the Dungeon
  3038 | D:5      | Reached skill level 2 in Short Blades
  3046 | D:5      | Reached skill level 5 in Spellcasting
  3206 | D:5      | Learned a level 2 spell: Blink
  3279 | D:5      | Reached XP level 6. HP: 27/41 MP: 4/13
  3288 | D:5      | Noticed Sigmund
  3307 | D:5      | Killed Sigmund
  3307 | D:5      | Reached skill level 3 in Short Blades
  3462 | D:4      | Found Xaowka's Food Shoppe.
  3531 | D:4      | Reached skill level 6 in Necromancy
  3605 | D:4      | HP: 15/41 [hound (6)]
  3609 | D:3      | HP: 4/41 [something (6)]
  3610 | D:3      | Killed from afar by an orc wizard

Vanquished Creatures
  Sigmund (D:5)
  A scorpion (D:6)
  A bullfrog zombie (D:3)
  A gnoll shaman (D:5)
  3 orc wizards
  2 adders
  3 gnolls (D:5)
  An ooze (D:3)
  3 worms (D:2)
  2 dart slugs
  7 orcs
  4 bats
  6 giant cockroaches
  6 goblins
  3 hobgoblins
  9 jackals
  5 kobolds
  4 frilled lizards
  3 rats
65 creatures vanquished.

Vanquished Creatures (collateral kills)
  An orc priest (D:5)
  A howler monkey zombie (D:5)
  An orc (D:5)
  A kobold (D:2)
4 creatures vanquished.

Grand Total: 69 creatures vanquished

Table legend:
 A = Turns spent in this place as a percentage of turns spent in the entire game.
 B = Non-inter-level travel turns spent in this place as a percentage of non-inter-level travel turns spent in the entire game.
 C = Inter-level travel turns spent in this place as a percentage of turns spent in this place.
 D = Turns resting spent in this place as a percentage of non-inter-level travel turns spent in this place.
 E = Turns spent auto-exploring this place as a percentage of non-inter-level travel turns spent in this place.
 F = Non-inter-level travel turns spent in this place divided by the number of levels of this place that you've seen.
                   A       B       C       D       E      F
               +-------+-------+-------+-------+-------+----------------------
         Total | 100.0 | 100.0 |   4.2 |  47.6 |  33.9 | 576.5
       Dungeon | 100.0 | 100.0 |   4.2 |  47.6 |  33.9 | 576.5
               +-------+-------+-------+-------+-------+----------------------
